 Dungeon Crawl Stone Soup version 0.14-a0-1817-gb992dfe (webtiles) character file.

217 Jenx the Slasher (level 4, -4/29 HPs)
             Began as a High Elf Skald on Jan 10, 2014.
             Was an Initiate of Ashenzari.
             Slain by an orc
             ... wielding a +2,+2 orcish short sword
              (5 damage)
             ... on Level 3 of the Dungeon.
             The game lasted 00:07:30 (2635 turns).

Jenx the Slasher (High Elf Skald)                   Turns: 2635, Time: 00:07:30

HP  -4/29        AC  3     Str 11      XL: 4   Next: 59%
MP  11/11        EV 10     Int 17      God: Ashenzari [......]
Gold 108         SH  0     Dex 14      Spells:  3 memorised,  1 level left

rFire  . . .     SeeInvis .     a - +0 elf falchion
rCold  . . .     Clarity  .     b - +0 elf leather armour
rNeg   . . .     Conserve .     (no shield)
rPois  .         rCorr    .     (no helmet)
rElec  .         rRot     .     (no cloak)
SustAb . .       Spirit   .     (no gloves)
rMut   .         Warding  .     (no boots)
Saprov . . .     Stasis   .     (no amulet)
                                (no ring)
                                (no ring)

@: slightly resistant to hostile enchantments, unstealthy
A: no striking features
a: Renounce Religion


You were on level 3 of the Dungeon.
You worshipped Ashenzari.
Ashenzari was noncommittal.
You were not hungry.

You visited 1 branch of the dungeon, and saw 3 of its levels.

You collected 108 gold pieces.

Inventory:

Hand weapons
 a - a +0,+0 elven falchion (weapon)
Missiles
 j - 42 darts (quivered)
 n - 9 poisoned needles
Armour
 b - a +0 elven leather armour (worn)
Comestibles
 d - 7 bread rations
 g - a meat ration
 s - a rotting chunk of giant cockroach flesh
 x - a chunk of adder flesh
Scrolls
 f - a scroll of curse armour
 h - a scroll of immolation {unknown}
 i - a scroll of random uselessness {unknown}
 k - a scroll of magic mapping {unknown}
 l - 3 scrolls of identify {unknown}
 m - a scroll of remove curse
 o - a scroll of amnesia {unknown}
 p - a scroll of blinking {unknown}
 u - a scroll of teleportation {unknown}
 w - a scroll of noise {unknown}
Jewellery
 e - a cursed ring of hunger {unknown}
Potions
 q - a potion of restore abilities {unknown}
 r - a potion of curing
 t - 2 potions of heal wounds {unknown}
 v - 2 potions of brilliance {unknown}
 B - a potion of poison {unknown}
Books
 c - a book of Battle

   Spells                             Type                      Level
   *Infusion                          Charms                       1
   Shroud of Golubria                 Charms/Translocation         2
   *Song of Slaying                   Charms                       2
   Spectral Weapon                    Hexes/Charms                 3
   *Regeneration                      Charms/Necromancy            3


   Skills:
 - Level 2.0 Fighting
 - Level 5.0 Long Blades
 - Level 2.2 Armour
 - Level 1.1 Dodging
 - Level 2.4 Spellcasting
 + Level 3.7 Charms


You had one spell level left.
You knew the following spells:

 Your Spells              Type           Power        Failure   Level  Hunger
a - Infusion              Chrm           ##....       4%          1    #......
b - Song of Slaying       Chrm           ##......     10%         2    ##.....
c - Regeneration          Chrm/Necr      #.........   30%         3    ###....


Dungeon Overview and Level Annotations

Branches:
Dungeon (3/16)

Altars:
Ashenzari
Kikubaaqudgha
Sif Muna
Xom


Message History

You barely miss the orc.
The orc is heavily wounded.
The orc hits you with an orcish short sword.
* * * LOW HITPOINT WARNING * * *
You closely miss the orc.
The orc is heavily wounded.
The orc completely misses you.
You closely miss the orc.
The orc is heavily wounded.
The orc hits you with an orcish short sword!
* * * LOW HITPOINT WARNING * * *
You closely miss the orc.
The orc is heavily wounded.
The orc closely misses you.
You hit the orc but do no damage.
The orc is heavily wounded.
The orc barely misses you.
An orc priest comes into view.
The orc hits you with an orcish short sword.
You die...

.....# #.# #.# ##.......###.###
.....# #.###.####..#....# #.# #
......######..............###'###
......#......#.#.##..#.#..###_'..
#+#.#.#.#####.............###'###
#.# #.#........#.##..#.#..# #.# #
#.#$..######...#.##..#.#..###.###
#.### #..###.#.##..#.#.........
#.# #..# #.#@##..#......#.#.# #.#
#..###...o)...o.......... #'##
#........#######......... ...#
#........#.....#....#.#.# ...#
#........#.###.#....#.#.# ...#
#........#. #.#......#.#
...######........#. #.#......#..
...'............... #......#.###
...######........## #.#....##...


You could see an orc priest and an orc.

Vanquished Creatures
  5 adders
  A giant mite (D:2)
  3 orcs (D:3)
  6 bats
  5 giant cockroaches
  6 goblins
  5 hobgoblins
  6 jackals
  3 kobolds
  3 giant newts
  10 rats
53 creatures vanquished.

Notes
Turn   | Place    | Note
--------------------------------------------------------------
     0 | D:1      | Jenx, the High Elf Skald, began the quest for the Orb.
     0 | D:1      | Reached XP level 1. HP: 14/14 MP: 4/4
    11 | D:1      | Found a shimmering altar of Xom.
    14 | D:1      | Reached skill level 1 in Armour
   342 | D:1      | Reached XP level 2. HP: 16/19 MP: 6/6
   572 | D:1      | Learned a level 2 spell: Song of Slaying
  1091 | D:2      | Reached XP level 3. HP: 17/24 MP: 5/8
  1105 | D:2      | Learned a level 3 spell: Regeneration
  1166 | D:2      | Found a deep blue altar of Sif Muna.
  1398 | D:2      | Found a shattered altar of Ashenzari.
  1411 | D:2      | Became a worshipper of Ashenzari the Shackled
  1650 | D:2      | Reached skill level 4 in Long Blades
  1907 | D:3      | Reached XP level 4. HP: 25/29 MP: 11/11
  2126 | D:3      | Found an ancient bone altar of Kikubaaqudgha.
  2590 | D:3      | Reached skill level 5 in Long Blades
  2631 | D:3      | HP: 1/29 [orc/orcish short sword (7)]
  2635 | D:3      | Slain by an orc

Action                   |  1- 3 |  4- 6 || total
-------------------------+-------+-------++-------
Melee: Falchion          |   145 |    80 ||   225
Throw: Dart              |    23 |     8 ||    31
 Cast: Infusion          |     7 |     2 ||     9
  Use: Potion            |     1 |     1 ||     2
